 Dungeon Crawl Stone Soup version 0.24.0-13-gcf9b319 (webtiles) character file.

Game seed: 6564620363642819446, levelgen mode: deterministic

109 Aeroq the Conjurer (level 4, -3/33 HPs)
             Began as a Draconian Conjurer on Dec 29, 2019.
             Slain by a worm (11 damage)
             ... on level 3 of the Dungeon.
             The game lasted 00:04:29 (2740 turns).

Aeroq the Conjurer (Draconian Conjurer)             Turns: 2740, Time: 00:04:30

Health: -3/33      AC:  5    Str: 10    XL:     4   Next: 60%
Magic:  2/8        EV: 13    Int: 16    God:
Gold:   137        SH:  0    Dex: 12    Spells: 5/8 levels left

rFire    . . .     SeeInvis .   n - +0 falchion
rCold    . . .     Gourm    .   (no shield)
rNeg     . . .     Faith    .   (armour unavailable)
rPois    .         Spirit   .   (helmet restricted)
rElec    .         Reflect  .   (no cloak)
rCorr    .         Harm     .   (no gloves)
MR       .....                  (no boots)
Stlth    ++........             (no amulet)
HPRegen  0.11/turn              (no ring)
MPRegen  0.11/turn              (no ring)

@: no status effects
A: unfitting armour, cold-blooded, AC +5
a: no special abilities


You were on level 3 of the Dungeon.
You were not hungry.

You visited 1 branch of the dungeon, and saw 3 of its levels.

You collected 137 gold pieces.

Inventory:

Hand Weapons
 e - a +0 dagger
 n - a +0 falchion (weapon)
Missiles
 d - 6 datura-tipped darts (quivered)
Scrolls
 c - 6 scrolls of identify {unknown}
 f - a scroll of enchant weapon {unknown}
 g - a scroll of teleportation {unknown}
 o - a scroll of fog {unknown}
 p - a scroll of blinking {unknown}
 q - a scroll of remove curse {unknown}
Potions
 a - 2 potions of curing {unknown}
 h - 2 potions of heal wounds {unknown}
 i - a potion of magic {unknown}
 j - a potion of haste {unknown}
 k - a potion of ambrosia {unknown}
 m - a potion of flight {unknown}
Comestibles
 b - 5 rations
 l - a chunk of flesh


   Skills:
 + Level 2.6 Dodging
 - Level 1.7 Stealth
 + Level 2.8 Spellcasting
 * Level 5.1 Conjurations


You had 5 spell levels left.
You knew the following spells:

 Your Spells              Type           Power        Failure   Level  Hunger
a - Magic Dart            Conj           ###.         2%          1    #......
b - Searing Ray           Conj           ###...       3%          2    ##.....

Your spell library contained the following spells:

 Spells                   Type           Power        Failure   Level  Hunger
 Dazzling Spray           Conj/Hex       ##....       21%         3    ###....
 Iskenderun's Mystic Bla  Conj           ###.....     22%         4    #####..
 Force Lance              Conj/Tloc      ##......     54%         4    #####..
 Fulminant Prism          Conj/Hex       ##........   54%         4    #####..


Dungeon Overview and Level Annotations

Branches:
Dungeon (3/15)

Altars:


Innate Abilities, Weirdness & Mutations

Your plain brown scales are hard. (AC +5)
You cannot fit into any form of body armour.
You are cold-blooded and may be slowed by cold attacks.


Message History

Confirm with . or Enter, or press ? or * to list all spells.
You don't have enough magic to cast that spell.
Casting: Magic Dart (safe; 2% risk of failure)
Confirm with . or Enter, or press ? or * to list all spells.
You don't have enough magic to cast that spell.
The worm refuses to make way for you. (Use ctrl+direction or * direction to attack.)
The worm refuses to make way for you. (Use ctrl+direction or * direction to attack.)
The worm refuses to make way for you. (Use ctrl+direction or * direction to attack.)
The worm bites you!
* * * LOW HITPOINT WARNING * * *
The worm misses you.
You see here 2 datura-tipped darts.
d - 6 datura-tipped darts (gained 2)
Your magical contamination has completely faded away.
The worm barely misses you.
Some of the chunks of flesh in your inventory have rotted away.
The worm closely misses you.
There is a stone staircase leading up here.
The worm bites you!
You die...

.......(.............
#...........)(.............
.....................#+#..
#....#......(....#.#.# ..
+....'...#......##...#
.###....#####+#....###..#
....?..................#
..# .....#
#....##.........# ...
.......+........@w.....##
#...
.....##....###.........#
......##....###.........#
.. #.......#...........# ..
#.......#...........#
..###.......#....)..#...#
............#.......#...#
..........###..........##
.......##.# #...........#


You could see a neutral worm (insane).

Vanquished Creatures
  4 adders
  3 worms
  2 dart slugs (D:2)
  2 leopard geckos
  4 bats
  4 giant cockroaches
  2 goblins (D:1)
  7 hobgoblins
  11 jackals
  2 quokkas (D:3)
  2 ball pythons (D:2)
  3 frilled lizards (D:1)
  5 kobolds
  4 rats
55 creatures vanquished.

Notes
Turn   | Place    | Note
-------+----------+-------------------------------------------
     0 | D:1      | Aeroq the Draconian Conjurer began the quest for the Orb.
     0 | D:1      | Reached XP level 1. HP: 14/14 MP: 3/3
   417 | D:1      | Reached XP level 2. HP: 15/20 MP: 5/5
  1007 | D:1      | Reached XP level 3. HP: 17/26 MP: 0/6
  1650 | D:2      | Learned a level 2 spell: Searing Ray
  2021 | D:2      | Reached XP level 4. HP: 23/33 MP: 2/7
  2194 | D:2      | Reached skill level 5 in Conjurations
  2740 | D:3      | Slain by a worm

Levels and vault maps discovered:
D:1:      lightli_arrival_quake, layout_loops_ring
D:2:      layout_basic, first_ration
D:3:      layout_basic, nicolae_overflow_hidden_temple, grunt_ministairs_2

Skill      XL: |  1  2  3  4 |
---------------+-------------+-----
Dodging        | 2 |  2.6
Conjurations   | 5 |  5.1
Stealth        | |  1.7
Spellcasting   | |  2.8

Action                   |  1- 3 |  4- 6 || total
-------------------------+-------+-------++-------
Melee: Dagger            |    98 |     7 ||   105
       Unarmed           |     5 |       ||     5
       Tailslap          |     9 |     7 ||    16
       Falchion          |       |    38 ||    38
Throw: Dart              |       |     2 ||     2
 Cast: Magic Dart        |    50 |     9 ||    59
       Searing Ray       |     2 |     3 ||     5
  Eat: Chunk             |     3 |     4 ||     7
Armor: Skin              |    37 |    22 ||    59
Dodge: Dodged            |    94 |    52 ||   146
       Rpst.: Falchion   |       |    12 ||    12
